 Seeded DCSS version 0.31-a0-1570-g93c622d222 (webtiles) character file.

Game seed: 10463392276266972231 (custom seed)

95 innerfire43 the Ducker (level 4, -2/35 HPs)
             Began as a Demonspawn Monk on Jan 3, 2024.
             Killed from afar by Natasha (7 damage)
             ... with a magic dart
             ... on level 3 of the Dungeon.
             The game lasted 00:02:30 (1782 turns).

innerfire43 the Ducker (Demonspawn Monk)            Turns: 1782, Time: 00:02:30

Health: -2/35      AC:  6    Str: 13    XL:     4   Next: 40%
Magic:  5/5        EV: 13    Int: 10    God:
Gold:   161        SH:  0    Dex: 16    Spells: 3/3 levels left

rFire   . . .        a - +0 spear
rCold   . . .        d - orb {light}
rNeg    . . .        i - +1 robe {Will+}
rPois   .            m - +0 helmet
rElec   .            (no cloak)
rCorr   .            (no gloves)
SInv    +            (no boots)
Will    +....        (no amulet)
Stlth   +            h - ring of see invisible
HPRegen 0.25/turn    (no ring)
MPRegen 0.09/turn

%: no passive effects
@: glowing
A: slimy green scales 1
a: no special abilities


You were on level 3 of the Dungeon.
You visited 1 branch of the dungeon, and saw 3 of its levels.

You collected 161 gold pieces.

Inventory:

Hand Weapons
 a - a +0 spear (weapon)
Armour
 b - a +0 robe
 d - an orb of light (worn)
 i - a +1 robe of willpower (worn)
 m - a +0 helmet (worn)
Jewellery
 h - a ring of see invisible (left hand)
Scrolls
 e - a scroll of torment {unknown}
 g - a scroll of teleportation {unknown}
 l - 2 scrolls of fog {unknown}
 n - a scroll of vulnerability {unknown}
 o - 2 scrolls of enchant armour {unknown}
 q - 4 scrolls of identify {unknown}
 r - a scroll of silence {unknown}
Potions
 c - a potion of ambrosia
 f - a potion of invisibility {unknown}
 j - 2 potions of heal wounds {unknown}
 k - 7 potions of curing {unknown}
 p - 3 potions of lignification {unknown}


   Skills:
 + Level 3.3 Fighting
 * Level 3.4 Polearms
 * Level 3.6 Dodging
 + Level 1.9 Invocations


You had 3 spell levels left.
You didn't know any spells.
Your spell library contained the following spells:

 Spells                   Type           Power      Damage    Failure   Level
 Magic Dart               Conj           0%         1d3       36%         1
 Blink                    Tloc           0%         N/A       50%         2
 Call Imp                 Summ           0%         N/A       50%         2


Dungeon Overview and Level Annotations

Branches:
Dungeon (3/15)

Altars:

Shops:
D:2 !!*:

Annotations:
D:3 Natasha


Innate Abilities, Weirdness & Mutations

You are partially covered in slimy green scales. (AC +2)


Message History

You hear a shout!
The hobgoblin misses you.
Natasha growls.
Natasha barely misses you.
You hit Natasha.
Natasha is severely wounded.
The cerulean imp hits you with a +1 spear.
A goblin comes into view. It is wielding a +0 dagger.
The hobgoblin misses you.
Natasha extends her claws.
Natasha stares at you and mumbles some strange words.
The magic dart hits you.
You hit Natasha but do no damage.
Natasha is severely wounded.
The cerulean imp hits you with a +1 spear.
A goblin comes into view. It is wielding a +0 club.
The hobgoblin hits you but does no damage.
You barely miss Natasha.
Natasha is severely wounded.
Natasha barely misses you.
The cerulean imp hits you but does no damage.
The hobgoblin hits you.
Unknown command.
You barely miss Natasha.
Natasha is severely wounded.
Natasha claws you. The cerulean imp misses you. The hobgoblin hits you.
You hit Natasha.
Natasha is almost dead.
Natasha stares at you and mumbles some strange words.
The magic dart hits you!
* * * LOW HITPOINT WARNING * * *
The cerulean imp hits you with a +1 spear.
* * * LOW HITPOINT WARNING * * *
The hobgoblin hits you but does no damage.
You hit Natasha.
Natasha is almost dead.
Natasha casts a spell at you. The magic dart hits you!
You die...
Natasha curls up and begins to purr.

..#........#
..#........# #.###
..#........# ..#.#
..#........# #.#g.
..#........# #.#g#
..+........+ #.#g#
..#........###.#g# #
'#<..######....#h#.#
.###.# ###.##.#@#.#[##
.....# #.......5gg...#
###### ...#.#.##.##...#
#.. #.#..)......# #.#
#.##......#.#
######.####.#.........#
..................#####
)#####.#..#.#.###.#
.#.#...#..#...<. .#


You could see Natasha, a cerulean imp (summoned), 2 hobgoblins and 4 goblins.

Vanquished Creatures
  Jessica (D:3)
  2 adders (D:2)
  4 dart slugs
  A ribbon worm (D:3)
  2 ball pythons (D:1)
  4 bats
  An endoplasm (D:1)
  A giant cockroach (D:3)
  4 hobgoblins
  2 kobolds
  2 quokkas (D:2)
  5 frilled lizards
  8 goblins
  5 rats
42 creatures vanquished.

Notes
Turn   | Place    | Note
-------+----------+-------------------------------------------
     0 | D:1      | innerfire43 the Demonspawn Monk began the quest for the
                  | Orb.
     0 | D:1      | Reached XP level 1. HP: 18/18 MP: 1/1
   232 | D:1      | Gained mutation: You are partially covered in slimy green
                  | scales. (AC +2) [demonic ancestry]
   232 | D:1      | Reached XP level 2. HP: 24/24 MP: 2/2
   272 | D:1      | Reached skill level 1 in Invocations
   298 | D:1      | You fall into a shaft and drop 1 floor!
   630 | D:2      | Reached XP level 3. HP: 25/29 MP: 3/3
   748 | D:2      | Found Cinaplo's Distillery.
   837 | D:2      | Found Muamiaqy's Book Shoppe.
  1102 | D:2      | Found Raodweku's General Store.
  1249 | D:2      | Found Jeanep's Distillery.
  1726 | D:3      | Noticed Jessica
  1732 | D:3      | Killed Jessica
  1733 | D:3      | Reached XP level 4. HP: 31/35 MP: 5/5
  1768 | D:3      | Noticed Natasha
  1782 | D:3      | Killed from afar by Natasha

Illustrated notes

Levels and vault maps discovered:
D:1:      minmay_arrival_shattered_statue, layout_rooms, moated_statue
D:2:      layout_loops_corners, serial_shops, shop, shop, shop, shop,
          corexii_hall_statues_i
D:3:      kennysheep_the_goblin_king, layout_basic,
          nicolae_concentric_dashed_squares_wild, uniq_natasha, uniq_robin,
          uniq_jessica

Skill      XL: |  1  2 |
---------------+-------+-----
Dodging        | 3 |  3.6
Invocations    | 1 |  1.9
Polearms       | 3 |  3.4
Fighting       | |  3.3

Action                     |  1- 3 |  4- 6 || total
---------------------------+-------+-------++-------
  Melee: Spear             |   148 |    20 ||   168
 Armour: Robe              |    52 |    14 ||    66
  Dodge: Dodged            |    78 |    10 ||    88

Table legend: (Time is in decaauts)
 A = Elapsed time spent in this place.
 B = Non-inter-level travel time spent in this place.
 C = Inter-level travel time spent in this place.
 D = Time resting spent in this place.
 E = Time spent auto-exploring this place.
 F = Levels seen in this place.
 G = Mean time per level.
                   A        B        C        D        E       F      G
               +--------+--------+--------+--------+--------+-----+--------+
         Total |   1771 |   1771 |      0 |      0 |   1311 |   3 |  590.3 |
       Dungeon |   1771 |   1771 |      0 |      0 |   1311 |   3 |  590.3 |
               +--------+--------+--------+--------+--------+-----+--------+

Top non-repeatable levels by time:
     D:2: 958 daAuts
     D:1: 519 daAuts
     D:3: 293 daAuts
